 Dungeon Crawl Stone Soup version 0.22-a0-458-gb446440 (webtiles) character file.

42 wazuzu the Ruffian (level 3, -5/54 HPs)
             Began as an Ogre Transmuter on June 8, 2018.
             Slain by a worm (7 damage)
             ... on level 2 of the Dungeon.
             The game lasted 00:01:55 (1047 turns).

wazuzu the Ruffian (Ogre Transmuter)                Turns: 1047, Time: 00:01:56

Health: -5/54      AC:  3    Str: 19    XL:     3   Next: 54%
Magic:  6/6        EV: 10    Int: 14    God:
Gold:   54         SH:  0    Dex: 10    Spells: 5/6 levels left

rFire    . . .     SeeInvis .     - Unarmed
rCold    . . .     Gourm    .   (no shield)
rNeg     . . .     Faith    .   b - +0 robe
rPois    .         Spirit   .   (helmet restricted)
rElec    .         Reflect  .   (no cloak)
rCorr    .         Harm     .   (gloves unavailable)
MR       .....                  (boots unavailable)
Stlth    ..........             (no amulet)
HPRegen  0.18/turn              (no ring)
MPRegen  0.10/turn              (no ring)

@: berserking, lethally poisoned (-5 -> -12), appendage (expiring), very quick
A: large, unfitting armour, talons 3, tough skin 1
a: End Transformation


You were on level 2 of the Dungeon.
You were hungry.
You had grown temporary talons.
You visited 1 branch of the dungeon, and saw 2 of its levels.

You collected 54 gold pieces.

Inventory:

Missiles
 a - 30 arrows
 e - 3 javelins (quivered)
Armour
 b - a +0 robe (worn)
Jewellery
 g - a +5 amulet of reflection {unknown}
 i - a cursed amulet of inaccuracy {unknown}
Scrolls
 h - a scroll of fear {unknown}
Potions
 f - a potion of curing {unknown}
Comestibles
 d - 3 rations


   Skills:
 + Level 2.6 Fighting
 - Level 1.7 Dodging
 * Level 3.6 Unarmed Combat
 - Level 2.4 Spellcasting
 - Level 1.7 Transmutations


You had 5 spell levels left.
You knew the following spells:

 Your Spells              Type           Power        Failure   Level  Hunger
a - Beastly Appendage     Tmut           #.....       11%         1    #......

Your spell library contained the following spells:

 Spells                   Type           Power        Failure   Level  Hunger
 Spider Form              Tmut/Pois      #.........   43%         3    ###....
 Blade Hands              Tmut           #.........   97%         5    ######.
 Ice Form                 Ice/Tmut       #.......     85%         4    #####..
 Sticks to Snakes         Tmut           #.......     17%         2    ###....


Dungeon Overview and Level Annotations

Branches:
Dungeon (2/15)

Altars:
Elyvilon


Innate Abilities, Weirdness & Mutations

You are too large for most types of armour.
You have tough skin. (AC +1)
You have claws for feet.


Message History

You closely miss the adder.
The adder is almost dead.
* * * LOW HITPOINT WARNING * * *
You feel sick.
You closely miss the adder.
You kill the adder!
You closely miss the bat.
* * * LOW HITPOINT WARNING * * *
You feel sick. The bat hits you but does no damage.
* * * LOW HITPOINT WARNING * * *
You feel sick. The bat closely misses you. The bat hits you but does no damage.
Things that are here:
a ball python corpse; a bat corpse; a worm corpse You feel a strong urge to attack something.
The bat misses you. The bat completely misses you.
You hit the worm. You claw the worm!
The worm is severely wounded.
* * * LOW HITPOINT WARNING * * *
You feel sick. The bat closely misses you. The worm bites you!
You die...

#.. # .. .
####.#####.
........?.
........#
.#.#.#.#.#
........b# #
.....⌠...####.#####
.._.....w@†........
.....⌠...####.#####
.......... #
.#.#.#$#.##
.........#
##########


You could see a worm and a bat.

Vanquished Creatures
  An adder (D:2)
  A worm (D:2)
  3 bats (D:2)
  A giant cockroach (D:1)
  4 goblins
  5 hobgoblins
  4 jackals (D:1)
  2 kobolds (D:1)
  A quokka (D:2)
  A ball python (D:2)
  A rat (D:1)
24 creatures vanquished.

Notes
Turn   | Place    | Note
-------+----------+-------------------------------------------
     0 | D:1      | wazuzu the Ogre Transmuter began the quest for the Orb.
     0 | D:1      | Reached XP level 1. HP: 19/19 MP: 3/3
    36 | D:1      | You fall through a shaft!
    79 | D:2      | Reached skill level 3 in Unarmed Combat
   212 | D:2      | Reached XP level 2. HP: 21/28 MP: 3/5
   732 | D:1      | Reached XP level 3. HP: 29/36 MP: 4/6
  1015 | D:2      | Found a white marble altar of Elyvilon.
  1047 | D:2      | HP: 2/54 [poisoned by an adder]
  1047 | D:2      | Slain by a worm

Vault maps used:
D:1:      co_arrival_random_square_maze
D:2:      minmay_wonky_spiral, elyvilon_altar_5, first_ration

Skill      XL: |  1  2 |
---------------+-------+-----
Unarmed Combat | 3 |  3.6
Fighting       | 2 |  2.6
Dodging        | |  1.7
Spellcasting   | |  2.4
Transmutations | |  1.7

Action                   || total
-------------------------++-------
Melee: Unarmed           ||    80
       Kick              ||     9
       Headbutt          ||     4
 Cast: Beastly Appendage ||    12
  Use: Potion            ||     1
 Stab: Sleeping          ||     1
Armor: Robe              ||    17
Dodge: Dodged            ||    48

Table legend:
 A = Spawn XP
 B = Non-spawn XP
 C = Spawn XP percentage of total XP
 D = Spawn monster count
 E = Non-spawn monster count
 F = Spawn count percentage of total count
 G = Total turns spent on level
                    A         B        C        D         E        F      G
               +---------+---------+-------+---------+---------+-------+---------
         Total |       0 |      60 |   0.0 |       0 |      24 |   0.0 |  1047
               +---------+---------+-------+---------+---------+-------+---------
           D:1 |       0 |      26 |   0.0 |       0 |      14 |   0.0 |   817
           D:2 |       0 |      34 |   0.0 |       0 |      10 |   0.0 |   230
               +---------+---------+-------+---------+---------+-------+---------
